 Dungeon Crawl Stone Soup version 0.24.0-13-gcf9b319 (webtiles) character file.

Game seed: 17139629755284730417, levelgen mode: deterministic

149 Chaoticas the Skirmisher (level 5, -1/57 HPs)
             Began as an Ogre Berserker on Feb 4, 2020.
             Was a Believer of Trog.
             Slain by an ice beast (7 damage)
             ... on level 4 of the Dungeon.
             The game lasted 00:06:21 (3222 turns).

Chaoticas the Skirmisher (Ogre Berserker)           Turns: 3222, Time: 00:06:22

Health: -1/57      AC:  4    Str: 22    XL:     5   Next: 31%
Magic:  5/5        EV: 13    Int:  8    God:    Trog [**....]
Gold:   105        SH:  0    Dex:  8    Spells: 4/4 levels left

rFire    . . .     SeeInvis .   a - +1 mace
rCold    . . .     Gourm    .   (no shield)
rNeg     . . .     Faith    .   u - +1 robe {MR+}
rPois    .         Spirit   .   (helmet restricted)
rElec    .         Reflect  .   (no cloak)
rCorr    .         Harm     .   (gloves unavailable)
MR       +....                  (boots unavailable)
Stlth    +.........             (no amulet)
HPRegen  0.19/turn              w - +3 ring of evasion
MPRegen  0.09/turn              (no ring)

@: no status effects
A: large, unfitting armour, tough skin 1
a: Berserk, Trog's Hand, Renounce Religion


You were on level 4 of the Dungeon.
You worshipped Trog.
Trog was pleased with you.
You were not hungry.

You visited 1 branch of the dungeon, and saw 5 of its levels.

You collected 105 gold pieces.

Inventory:

Hand Weapons
 a - a +1 mace (weapon)
 i - a +4 hunting sling
   (You took it off a goblin on level 2 of the Dungeon)
 t - a +0 halberd
   (You took it off a gnoll on level 2 of the Dungeon)
Missiles
 n - 130 stones
 p - 2 atropa-tipped darts (quivered)
 r - 25 sling bullets
Armour
 b - a +0 animal skin
 u - a +1 robe of magic resistance (worn)
   (You found it on level 2 of the Dungeon)
Jewellery
 w - a +3 ring of evasion (left hand)
   (You found it on level 2 of the Dungeon)
Scrolls
 f - a scroll of identify {@r1}
 j - a scroll of teleportation {@r4}
Potions
 c - a potion of heal wounds {unknown}
 l - a potion of might {unknown}
 q - 2 potions of curing {unknown}
 s - a potion of lignification {unknown}
Comestibles
 e - 8 rations {!d}


   Skills:
 + Level 5.1 Fighting
 * Level 4.2 Maces & Flails
 + Level 3.5 Dodging


You had 4 spell levels left.
You didn't know any spells.
Your spell library was empty.

Dungeon Overview and Level Annotations

Branches:
Dungeon (5/15)
 Temple: D:4-7

Altars:
Trog


Innate Abilities, Weirdness & Mutations

You are too large for most types of armour.
You have tough skin. (AC +1)


Message History

You see here 23 stones.
n - 130 stones (gained 23)
An ice beast comes into view.
Found 16 stones.
The ice beast closely misses you.
Found a stone staircase leading up.
You feel yourself speed up.
Found a scroll labeled CEDE WYLIAFRA.
Found 17 stones.
A crimson imp comes into view.
The crimson imp shouts!
The ice beast hits you. The ice beast freezes you!
The crimson imp shouts, "Accept thy failure, thou puking rump-fed bloater!"
There is a stone staircase leading up here.
The ice beast misses you.
You climb upwards.
The orc shouts!
You hear a shout!
There is a stone staircase leading down here.
You're still recovering from your berserk rage.
You sock the ice beast! The ice beast hits you. The ice beast freezes you!
The ice beast hits you. The ice beast freezes you!
* * * LOW HITPOINT WARNING * * *
You hit the ice beast but do no damage.
The ice beast hits you but does no damage.
Unknown command.
You thump the ice beast!
The ice beast hits you but does no damage.
You hit the ice beast.
You recover from your berserk rage.
The ice beast hits you.
* * * LOW HITPOINT WARNING * * *
The ice beast freezes you!
* * * LOW HITPOINT WARNING * * *
You barely miss the ice beast.
The ice beast hits you but does no damage.
You closely miss the ice beast. The ice beast barely misses you.
The ice beast misses you. The orc closely misses you.
You hit the ice beast.
An orc priest comes into view. It is wielding a +0 club.
The ice beast barely misses you. The orc hits you but does no damage.
The orc priest shouts!
You hit the ice beast but do no damage.
You hear a shout! x2
The orc hits you with a +0 dagger.
* * * LOW HITPOINT WARNING * * *
The ice beast closely misses you.
You hit the ice beast. The ice beast hits you.
* * * LOW HITPOINT WARNING * * *
The ice beast freezes you!
You die...

### .... .....
###......
#@Y......
..o...o.#......
######..+ .....
#..# .... #..#
... #..# ..
...# # ....


You could see an ice beast, an orc priest and an orc.

Vanquished Creatures
  6 gnolls
  3 adders
  An ooze (D:3)
  A worm (D:2)
  3 dart slugs
  2 leopard geckos
  An orc (D:3)
  12 goblins
  8 hobgoblins
  A ball python (D:2)
  4 bats
  3 frilled lizards
  6 kobolds
  A leopard gecko skeleton (D:5)
  A rat (D:3)
53 creatures vanquished.

Notes
Turn   | Place    | Note
-------+----------+-------------------------------------------
     0 | D:1      | Chaoticas the Ogre Berserker began the quest for the Orb.
     0 | D:1      | Reached XP level 1. HP: 24/24 MP: 1/1
    50 | D:1      | Reached XP level 2. HP: 32/32 MP: 2/2
   350 | D:1      | Reached XP level 3. HP: 37/40 MP: 3/3
  1145 | D:2      | Found a bloodstained altar of Trog.
  1283 | D:2      | Reached XP level 4. HP: 21/49 MP: 4/4
  1871 | D:2      | Reached XP level 5. HP: 14/55 MP: 5/5
  2239 | D:2      | Reached skill level 5 in Fighting
  2359 | D:2      | Reached ** piety under Trog
  3165 | D:3      | You fall into a shaft and drop 2 floors!
  3165 | D:5      | Entered Level 5 of the Dungeon
  3194 | D:5      | Noticed an ice beast
  3199 | D:5      | Noticed an ice beast
  3222 | D:4      | Slain by an ice beast

Levels and vault maps discovered:
D:1:      dpeg_arrival_windows_large_door, layout_rooms
D:2:      kennysheep_the_goblin_king, layout_basic, lemuel_round_altar
D:3:      layout_basic, uniq_crazy_yiuf_cottage
D:4:      layout_basic, nicolae_tso_carved_into_rock, first_ration,
          minivault_23, uniq_sigmund, uniq_eustachio
D:5:      layout_cave_pools, minmay_temple_entry_tees, serial_shops,
          nicolae_shop_waterfront, elyvilon_altar_1

Skill      XL: |  1  2  3  4  5 |
---------------+----------------+-----
Maces & Flails | 3 4 |  4.2
Dodging        | 3 |  3.5
Fighting       | 5 |  5.1

Action                   |  1- 3 |  4- 6 || total
-------------------------+-------+-------++-------
Melee: Mace              |    70 |    81 ||   151
Invok: Berserk           |     4 |     3 ||     7
  Use: Scroll            |       |     9 ||     9
  Eat: Chunk             |     4 |     9 ||    13
Armor: Animal skin       |    22 |     5 ||    27
       Robe              |       |    11 ||    11
Dodge: Dodged            |    35 |    51 ||    86
